 Dungeon Crawl Stone Soup version 0.28.0 (webtiles) character file.

Game seed: 16808753460922450716

67 Horrz the Unweaver (level 3, -3/29 HPs)
             Began as a Demonspawn Abyssal Knight on Feb 15, 2022.
             Was a Follower of Lugonu.
             Killed by nerve-wracking pain
             ... invoked by a shadow imp
             ... summoned by Natasha
              (12 damage)
             ... on level 2 of the Dungeon.
             The game lasted 00:06:13 (984 turns).

Horrz the Unweaver (Demonspawn Abyssal Knight)       Turns: 984, Time: 00:06:14

Health: -3/29      AC:  5    Str: 15    XL:     3   Next: 98%
Magic:  5/5        EV: 11    Int: 11    God:    Lugonu [*.....]
Gold:   75         SH:  0    Dex: 13    Spells: 2/2 levels left

rFire   . . .      SeeInvis .   a - +1 hand axe
rCold   . . .      Faith    .   (no shield)
rNeg    . . .      Spirit   .   g - +0 troll leather armour
rPois   .          Reflect  .   (no helmet)
rElec   .          Harm     .   (no cloak)
rCorr   .          Rampage  .   (no gloves)
Will    .....                   d - +0 pair of boots
Stlth   +.........              (no amulet)
HPRegen 0.89/turn               (no ring)
MPRegen 0.09/turn               (no ring)

@: slowed, very slow
A: powered by pain 1, spiny 1
a: Renounce Religion, Depart the Abyss


You were on level 2 of the Dungeon.
You worshipped Lugonu.
Lugonu was aware of your devotion.
You visited 1 branch of the dungeon, and saw 2 of its levels.
You visited the Abyss 1 time.

You collected 75 gold pieces.

Inventory:

Hand Weapons
 a - a +1 hand axe (weapon)
Missiles
 f - 2 throwing nets
Armour
 b - a +0 leather armour
 d - a +0 pair of boots (worn)
 g - a +0 troll leather armour (worn)
Scrolls
 e - 3 scrolls of teleportation {unknown}
 i - a scroll of identify {unknown}
Potions
 c - a potion of ambrosia {unknown}
 h - a potion of flight {unknown}


   Skills:
 + Level 3.5 Fighting
 + Level 2.5 Axes
 + Level 2.0 Armour
 + Level 1.2 Dodging
 + Level 3.6 Invocations


You had 2 spell levels left.
You didn't know any spells.
Your spell library was empty.

Dungeon Overview and Level Annotations

Branches:
Dungeon (2/15)

Altars:

Annotations:
D:2 Natasha


Innate Abilities, Weirdness & Mutations

You sometimes gain a little power by taking damage.
You are partially covered in sharp spines.


Message History

Natasha casts a spell.
Natasha is struck by your spines. Natasha claws you!
You hit Natasha.
Natasha is heavily wounded.
You hit the shadow imp. Natasha casts a spell at you. The magic dart hits you.
The shadow imp misses you. Natasha claws you but does no damage.
You barely miss Natasha.
Natasha is heavily wounded.
You hit the shadow imp. Natasha is struck by your spines. Natasha claws you. x2
You closely miss Natasha.
Natasha is severely wounded.
You completely miss the shadow imp. You miss the crimson imp.
The shadow imp hits you but does no damage.
The crimson imp barely misses you. Natasha casts a spell at you.
You feel as though you will be slow longer.
The shadow imp barely misses you.
The crimson imp hits you but does no damage.
You closely miss Natasha.
Natasha is severely wounded.
You hit the crimson imp but do no damage.
You closely miss the shadow imp. Natasha is struck by your spines.
Natasha barely misses you. The shadow imp gestures at you.
Pain shoots through your body! The crimson imp barely misses you.
Natasha mewls in sadness.
Natasha is struck by your spines. Natasha closely misses you.
The shadow imp is struck by your spines.
The shadow imp hits you.
* * * LOW HITPOINT WARNING * * *
The crimson imp is struck by your spines.
The crimson imp barely misses you.
You closely miss Natasha.
Natasha is almost dead.
You hit the crimson imp. You barely miss the shadow imp.
Natasha mumbles some strange words.
The shadow imp gestures at you. Pain shoots through your body!
You die...

#.........#### ...............#
.......#...#### .............##
....#....#..... .............#
.#.##>.......#.## #.#....#....#
...##........#..#####.#..#.#.....
..###........##..........#.......
..#..............................
.##.#............5...............
###.#........###@5...#...###.....
#.#........# #.h...##..###..... #
#.#........#.5..?..##....#.....
###.#######.##.#................#
##..######>..........#..........#
.#.###...............#.......<.<#
.....#.###...##...##.:....#######
.......###..###.### ......
................. ..


You could see Natasha, 2 crimson imps and a shadow imp (summoned).

Vanquished Creatures
  A jelly (D:2)
  4 dart slugs
  4 ball pythons
  3 endoplasms (D:1)
  A giant cockroach (D:2)
  2 goblins (D:1)
  A hobgoblin (D:1)
  3 kobolds (D:1)
  A quokka (D:2)
  2 bats (D:2)
  4 frilled lizards
  4 rats
30 creatures vanquished.

Notes
Turn   | Place    | Note
-------+----------+-------------------------------------------
     0 | Abyss:1  | Horrz the Demonspawn Abyssal Knight began the quest for the
                  | Orb.
     0 | Abyss:1  | Reached XP level 1. HP: 18/18 MP: 2/2
    10 | Abyss:1  | Found a hide-covered altar of Uskayaw.
    19 | D:1      | Escaped the Abyss
   329 | D:1      | Gained mutation: You are partially covered in sharp spines.
                  | [demonic ancestry]
   329 | D:1      | Reached XP level 2. HP: 22/24 MP: 4/4
   371 | D:1      | Reached * piety under Lugonu
   762 | D:2      | Gained mutation: You sometimes gain a little power by
                  | taking damage. [demonic ancestry]
   762 | D:2      | Reached XP level 3. HP: 29/29 MP: 5/5
   788 | D:2      | Reached skill level 1 in Dodging
   821 | D:2      | Found a faded altar of an unknown god.
   975 | D:2      | Noticed Natasha
   984 | D:2      | Killed from afar by a shadow imp

Illustrated notes

Levels and vault maps discovered:
D:1:      nzn_arrival_depleted_hourglass, layout_basic
D:2:      kennysheep_the_goblin_king, layout_rooms,
          hellmonk_ecumenical_altar_pennies_from_heaven, uniq_natasha

Skill      XL: |  1  2  3 |
---------------+----------+-----
Axes           | 2 |  2.5
Invocations    | 3 |  3.6
Dodging        | 1 |  1.2
Armour         | 2 |  2.0
Fighting       | |  3.5

Action                   || total
-------------------------++-------
Melee: Hand axe          ||    61
Invok: Depart the Abyss  ||     1
Armor: Leather armour    ||     9
       Troll leather arm ||     9
Dodge: Dodged            ||    37
